 Dungeon Crawl Stone Soup version 0.20-a0-375-gc02d24d (webtiles) character file.

3434 Shushpanzer the Blocker (level 10, 0/60 HPs)
             Began as a Gargoyle Fighter on Dec 25, 2016.
             Killed from afar by a steam dragon (5 damage)
             ... with a ball of steam
             ... on level 8 of the Dungeon on Dec 28, 2016.
             The game lasted 00:33:26 (9258 turns).

Shushpanzer the Blocker (Gargoyle Fighter)          Turns: 9258, Time: 00:33:27

Health: 0/60       AC: 22    Str: 27    XL:     10   Next: 5%
Magic:  10/10      EV:  7    Int:  8    God:
Gold:   319        SH: 17    Dex:  9    Spells: 9/9 levels left

rFire  . . .     SeeInvis .     i - +1 mace
rCold  . . .     Gourm    .     x - +0 plate armour
rNeg   + . .     Faith    .     c - +0 shield
rPois  ∞         Spirit   .     (no helmet)
rElec  +         Reflect  +     D - +1 cloak
rCorr  .         Harm     .     (no gloves)
MR     .....                    (no boots)
Stlth  ..........               r - +5 amulet of reflection
                                p - +3 ring of strength
                                o - ring of stealth

@: about to teleport
A: negative energy resistance 1, electricity resistance, unbreathing,
petrification resistance, rot immunity, AC +7
a: no special abilities


You were on level 8 of the Dungeon.
You were not hungry.

You visited 2 branches of the dungeon, and saw 9 of its levels.

You collected 319 gold pieces.

Inventory:

Hand Weapons
 a - a +0 flail
 i - a +1 mace (weapon)
 q - a +0 whip of flaming
Armour
 c - a +0 shield (worn)
 x - a +0 plate armour (worn)
 D - a +1 cloak (worn)
Jewellery
 o - a ring of stealth (left hand)
 p - a +3 ring of strength (right hand)
 r - a +5 amulet of reflection (around neck)
 y - an uncursed ring of wizardry {unknown}
 z - an uncursed amulet of harm {unknown}
Wands
 b - a wand of lightning (10/15)
 t - a wand of acid (4/15)
Scrolls
 e - 2 scrolls of random uselessness
 l - 2 scrolls of recharging
 m - 4 scrolls of teleportation
 n - 2 scrolls of amnesia
 u - 2 scrolls of remove curse
Potions
 d - 2 potions of might
 g - a potion of resistance {unknown}
 h - 3 potions of brilliance {unknown}
 j - a potion of magic {unknown}
 k - a potion of curing {unknown}
 s - a potion of flight {unknown}
 A - 2 potions of cancellation {unknown}
 E - a potion of haste
Comestibles
 f - 4 bread rations
 C - a meat ration


   Skills:
 * Level 6.0 Fighting
 * Level 8.0 Maces & Flails
 * Level 6.9 Armour
 + Level 1.4 Dodging
 * Level 10.2 Shields


You had 9 spell levels left.
You didn't know any spells.

Dungeon Overview and Level Annotations

Branches:
Dungeon (8/15)             Temple (1/1) D:5
   Lair: D:8-11

Altars:
Ashenzari
Cheibriados
Dithmenos
Elyvilon
Fedhas
Gozag
Kikubaaqudgha
Makhleb
Nemelex Xobeh
Okawaru
Qazlal
Ru
Sif Muna
Trog
Uskayaw
Vehumet
Xom
Yredelemnul
Zin
The Shining One

Annotations:
D:5 Prince Ribbit


Innate Abilities, Weirdness & Mutations

You are resistant to torment.
Your stone body is resilient. (AC +7)
You are immune to poison.
You resist negative energy. (rN+)
You are resistant to electric shocks. (rElec)
You can survive without breathing.
You are immune to petrification.
You are immune to rotting.


Message History

The orc wizard is engulfed in a cloud of scalding steam.
You block the orc wizard's attack.
As you read the scroll of teleportation, it crumbles to dust.
You feel strangely unstable.
The orc wizard points at you and mumbles some strange words.
The magic dart hits you!
* * * LOW HITPOINT WARNING * * *
The steam dragon bites you but does no damage.
You block the steam dragon's attack. You block the orc wizard's attack.
The orc wizard is engulfed in a cloud of scalding steam.
The orc wizard dies!
The orc wizard casts a spell.
The steam dragon closely misses you.
The steam dragon claws you but does no damage.
The orc wizard gestures at you while chanting.
The magic dart hits you!
* * * LOW HITPOINT WARNING * * *
The steam dragon breathes steam at you. The ball of steam hits you!
You die...

## #.#.
#.#.###
#.#...##
#....@.##
#....§..#
#...oDo.#
#.......#
#....).##
#.#...##
#.##<## #
#...#
.......


You could see a steam dragon, an orc wizard and an orc.

Vanquished Creatures
  Pikel (D:6)
  The ghost of haldagan the Protected, a novice TeWn of Cheibriados (D:5)
  A hippogriff (D:7)
  An orc warrior (D:7)
  A sky beast (D:7)
  3 phantoms
  A slave (D:6)
  3 ogres
  A centaur (D:5)
  2 bullfrogs
  A scorpion (D:7)
  A wight (D:6)
  2 howler monkeys
  A bullfrog zombie (D:5)
  4 jellies
  4 hounds
  3 orc priests
  A bullfrog skeleton (D:6)
  Crazy Yiuf (D:5)
  Ijyb (D:2)
  Terence (D:2)
  3 iguanas
  4 worker ants
  9 orc wizards
  A hound skeleton (D:7)
  7 gnolls
  16 adders
  2 shadow imps
  5 adder skeletons
  An adder zombie (D:2)
  6 worms
  4 leopard geckos
  37 orcs
  A bat skeleton (D:2)
  A bat zombie (D:2)
  2 giant cockroaches
  4 goblins
  6 hobgoblins
  7 jackals
  5 kobolds
  5 quokkas
  3 ball pythons
  6 bats
  6 frilled lizards
  A jackal zombie (D:2)
  A quokka skeleton (D:2)
  10 rats
188 creatures vanquished.

Vanquished Creatures (others)
  A slave (D:6)
  A centaur (D:7)
  A bullfrog (D:6)
  An orc priest (D:6)
  3 orc wizards
  2 orcs (D:6)
9 creatures vanquished.

Grand Total: 197 creatures vanquished

Notes
Turn   | Place    | Note
-------+----------+-------------------------------------------
     0 | D:1      | Shushpanzer the Gargoyle Fighter began the quest for the Orb.
     0 | D:1      | Reached XP level 1. HP: 14/14 MP: 1/1
   218 | D:1      | You fall through a shaft!
   239 | D:2      | Reached XP level 2. HP: 17/19 MP: 2/2
   281 | D:2      | Noticed Ijyb
   299 | D:2      | Killed Ijyb
   299 | D:2      | Reached XP level 3. HP: 9/23 MP: 3/3
   536 | D:2      | Reached skill level 4 in Shields
   742 | D:2      | Reached XP level 4. HP: 29/29 MP: 4/4
   768 | D:2      | Noticed Terence
   808 | D:2      | Killed Terence
   899 | D:2      | Reached XP level 5. HP: 12/33 MP: 5/5
  1745 | D:3      | HP: 1/33 [bat (1)]
  2192 | D:3      | Reached XP level 6. HP: 38/38 MP: 6/6
  2229 | D:3      | Reached skill level 5 in Shields
  2748 | D:3      | Upgraded the game from 0.20-a0-351-gc9b4002 to 0.20-a0-375-gc02d24d
  3339 | D:4      | Reached XP level 7. HP: 42/43 MP: 7/7
  3631 | D:4      | Found an iron altar of Okawaru.
  3734 | D:4      | Reached skill level 6 in Shields
  4152 | D:4      | Reached skill level 5 in Maces & Flails
  4181 | D:4      | Reached skill level 1 in Dodging
  4484 | D:4      | Reached skill level 5 in Armour
  4484 | D:4      | Reached XP level 8. HP: 37/48 MP: 8/8
  4951 | D:5      | Entered Level 5 of the Dungeon
  5011 | D:5      | Noticed Prince Ribbit
  5593 | D:5      | Reached skill level 7 in Shields
  5656 | D:5      | Noticed haldagan's ghost (novice TeWn)
  5707 | D:5      | Killed haldagan's ghost
  5707 | D:5      | Reached skill level 5 in Fighting
  5940 | D:5      | Reached skill level 8 in Shields
  6464 | D:5      | Reached XP level 9. HP: 54/54 MP: 9/9
  6487 | D:5      | Found a staircase to the Ecumenical Temple.
  6542 | Temple   | Entered the Ecumenical Temple
  6767 | D:5      | Found a runed door.
  6771 | D:5      | Noticed Crazy Yiuf
  6775 | D:5      | Killed Crazy Yiuf
  6941 | D:6      | Noticed Pikel
  7242 | D:6      | Killed Pikel
  7242 | D:6      | Reached skill level 9 in Shields
  7460 | D:6      | Found a radiant altar of Vehumet.
  7478 | D:6      | Found a sacrificial altar of Ru.
  7479 | D:6      | Found a white marble altar of Elyvilon.
  7481 | D:6      | Found a sparkling altar of Nemelex Xobeh.
  7483 | D:6      | Found a glowing golden altar of the Shining One.
  7631 | D:6      | Found an ancient bone altar of Kikubaaqudgha.
  7726 | D:6      | Found a sacrificial altar of Ru.
  8778 | D:7      | Reached skill level 10 in Shields
  8908 | D:7      | Reached XP level 10. HP: 60/60 MP: 10/10
  9258 | D:8      | Killed from afar by a steam dragon

Vault maps used:
D:1:      evilmike_arrival_plus
D:2:      serial_undead, serial_undead_e, serial_undead_d, serial_undead_f,
          serial_undead_c, serial_undead_c, serial_undead_c, first_bread,
          kennysheep_generic_room_9, uniq_terence, uniq_iyjb
D:4:      okawaru_gym_becter
D:5:      uniq_prince_ribbit1, uniq_crazy_yiuf_cottage
D:6:      kiku_gazebo_garden_becter, minitemple, nicolae_ru_awakened_eye,
          uniq_pikel
Temple:   zaba_magenta_temple

Skill      XL: |  1  2  3  4  5  6  7  8  9 10 |
---------------+-------------------------------+-----
Shields        | 4 5 6 8 10 | 10.2
Armour         | 4 5 6 |  6.9
Maces & Flails | 3 4 5 6 7 8 |  8.0
Fighting       | 4 5 6 |  6.0
Dodging        | 1 |  1.4

Action                   |  1- 3 |  4- 6 |  7- 9 | 10-12 || total
-------------------------+-------+-------+-------+-------++-------
Melee: Flail             |   120 |   371 |   386 |       ||   877
       Mace              |       |       |   324 |    22 ||   346
  Use: Scroll            |       |     8 |     5 |     1 ||    14
       Potion            |       |       |     1 |       ||     1
  Eat: Chunk             |       |     8 |    19 |       ||    27
       Beef jerky        |       |       |     1 |       ||     1
       Pizza             |       |       |       |     1 ||     1
Armor: Chain mail        |    92 |   310 |   103 |       ||   505
       Scale mail        |    15 |       |       |       ||    15
       Plate armour      |       |       |   245 |    18 ||   263
Dodge: Dodged            |    45 |   123 |   127 |     3 ||   298
Block: Shield            |    80 |   334 |   650 |    24 ||  1088
       Reflection        |       |       |    11 |       ||    11
